[Event "*** Titled Tuesday Blitz"]
[Site "Chess.com"]
[Date "2020.04.14"]
[Round "2"]
[White "BIG_Pirate"]
[Black "Spriteball"]
[Result "1-0"]
[WhiteElo "2368"]
[BlackElo "1902"]
[TimeControl "180+1"]
[EndTime "10:18:04 PDT"]
[Termination "BIG_Pirate won by resignation"]

1. Nf3 Nf6 2. c4 e6 3. g3 d5 4. Bg2 Be7 5. O-O O-O 6. d4 dxc4 7. Qc2 b6 8. Ne5 Qxd4 9. Bxa8 Qxe5 10. Bg2 Nd5 11. Qxc4 Ba6 12. Qe4 Qxe4 13. Bxe4 Bxe2 14. Re1 Bc4 15. Nd2 Bb4 16. a3 Bxd2 17. Bxd2 c5 18. b4 cxb4 19. axb4 a6 20. Rec1 b5 21. Bxd5 exd5 22.
Bc3 Re8 23. Re1 Re6 24. f4 Kf8 25. Rxe6 fxe6 26. Be5 Nc6 27. Rxa6 Nxe5 28. fxe5 Kf7 29. Rd6 Ke7 30. Kf2 Kf7 31. Ke3 Ke7 32. Kd4 g5 33.
Kc5 h5 34. Rb6 h4 35. Rb7+ Ke8 36. Rg7 hxg3 37. hxg3 Bd3 38. Rxg5 Bc4 39. Rg7 Kf8 40. Rd7 Ke8 41. Rb7 Kf8 42. g4 Kg8 43. g5 Kf8 44.
g6 Kg8 45. Rc7 Bd3 46. Rb7 Bc4 47. Rxb5 Bxb5 48. Kxb5 d4 49. Kc4 Kg7 50. b5 Kxg6 51.
b6 Kf5 52. Kxd4 Kf4 53. b7 Kf5 54. b8=Q Kf4 55. Qf8+ 1-0

[Event "*** Titled Tuesday Blitz"]
[Site "Chess.com"]
[Date "2020.04.14"]
[Round "2"]
[White "OparinGrigoriy"]
[Black "Faqade"]
[Result "0-1"]
[WhiteElo "2966"]
[BlackElo "2624"]
[TimeControl "180+1"]
[EndTime "10:18:05 PDT"]
[Termination "Faqade won on time"]

1. Nf3 Nf6 2. g3 g6 3. Bg2 Bg7 4. c4 O-O 5. Nc3 d6 6. O-O e5 7. d4 Nc6 8. dxe5 Nxe5 9. Nxe5 dxe5 10. Qxd8 Rxd8 11. Bg5 Rd7 12. Bh3 Rd4 13. Bxc8 Rxc8 14.
b3 c6 15. Be3 Rd7 16. Bxa7 b5 17. Bc5 bxc4 18. bxc4 Bf8 19. Bxf8 Kxf8 20. e3 Rd3 21. Rfc1 Ra8 22. a4 Ra5 23. Kf1 Rd2 24. Ke1 Rb2 25.
Rab1 Rxb1 26. Rxb1 Nd7 27. Kd2 Nc5 28. Rb4 f5 29. f3 Ke7 30. h4 h5 31. e4 Kd6 32.
exf5 gxf5 33. Ke2 Kc7 34. Ke3 Ra8 35. Rb2 Rd8 36. Rd2 Rb8 37. Ke2 Rb3 38. Nd1 Nxa4 39. Ne3 e4 40. Kf2 Nc5 41. Ke2 Rc3 42. Rd1 Rb3 43.
Rd2 Ra3 44. Rc2 Ne6 45. Rd2 f4 46. gxf4 Nxf4+ 47. Kf2 Nd3+ 48. Ke2 exf3+ 49. Kf1 Nc5 50. Nc2 Rc3 51. Ne1 Ne4 52. Rd4 Ng3+ 53. Kf2 Nh1+ 54.
Kf1 f2 55. Nd3 Rc2 0-1

[Event "*** Titled Tuesday Blitz"]
[Site "Chess.com"]
[Date "2020.04.14"]
[Round "2"]
[White "grzechu96"]
[Black "Alexander_Zubov"]
[Result "0-1"]
[WhiteElo "2585"]
[BlackElo "2873"]
[TimeControl "180+1"]
[EndTime "10:18:05 PDT"]
[Termination "Alexander_Zubov won by resignation"]

1. e4 c5 2. Nc3 d6 3. d4 cxd4 4.
Qxd4 a6 5. b3 Nf6 6. Bb2 e5 7.
Qd2 Be7 8. O-O-O O-O 9. Kb1 b5 10. f3 Be6 11. g4 b4 12. Nd5 Bxd5 13. exd5 a5 14. Bb5 Qb6 15. Ba4 Nfd7 16. Ne2 Nc5 17. f4 Nxa4 18. bxa4 Nd7 19. Ng3 Rfe8 20. Nf5 Bf8 21.
Rhe1 Rac8 22. fxe5 dxe5 23. d6 Qc6 24. Re2 Re6 25.
Qd5 Qxa4 26. h4 Qc6 27. Qxc6 Rxc6 28. Rd5 Ra6 29. h5 g6 30. hxg6 hxg6 31. Ne7+ Bxe7 32. dxe7 Rxe7 33. Red2 Ra7 34. g5 Kf8 35. a3 Ke8 36.
Rb5 bxa3 37. Bxa3 Re6 38. Rh2 Nb6 39. Rh8+ Kd7 40. Rf8 Kc6 41. Rc5+ Kb7 42. Rxf7+ Ka6 43. Rxa7+ Kxa7 44. Rxa5+ Kb7 45. Bb2 e4 46. Re5 Rxe5 47. Bxe5 Nc4 48. Bf6 e3 49. Bc3 Kc6 50. Kc1 e2 51. Be1 Kd5 52. c3 Ke4 53. Kc2 Ke3 54.
Bh4 Ne5 55. c4 Nxc4 56. Be1 Ne5 57. Bd2+ Kf2 58. Bb4 Nf3 59. Kd3 Nxg5 60. Kd4 e1=Q 61. Bxe1+ Kxe1 62. Ke5 Nf7+ 63. Kf6 g5 0-1

[Event "*** Titled Tuesday Blitz"]
[Site "Chess.com"]
[Date "2020.04.14"]
[Round "2"]
[White "JacekDubiel"]
[Black "narutosmith"]
[Result "0-1"]
[WhiteElo "2418"]
[BlackElo "2192"]
[TimeControl "180+1"]
[EndTime "10:18:06 PDT"]
[Termination "narutosmith won on time"]

1. e4 c5 2. Nf3 e6 3. d4 cxd4 4.
Nxd4 Nc6 5. Nc3 Qc7 6. Be2 a6 7. O-O Nf6 8. Kh1 Be7 9. Be3 O-O 10. f4 d6 11. Qe1 Nxd4 12. Bxd4 b5 13. a3 Bb7 14. Qg3 Rad8 15. Rae1 Rd7 16. Bd3 Re8 17. a4 b4 18. Na2 a5 19. Qe3 Ra8 20. Nc1 e5 21. fxe5 dxe5 22. Bb6 Qc8 23. Nb3 Bd8 24.
Bc5 Ba6 25. Rd1 Bxd3 26. Rxd3 Rxd3 27. Qxd3 Qc6 28. Re1 Qxa4 29. Ra1 Qc6 30. Rd1 h6 31. Bg1 Qxe4 32. Qxe4 Nxe4 33. Re1 f5 34. g4 g6 35.
gxf5 gxf5 36. Rf1 a4 37. Nc1 Bg5 38. Nd3 a3 39. bxa3 bxa3 40. Nxe5 a2 41. Bd4 Be3 42. Ba1 f4 43. Nd3 Nd2 44. Rd1 f3 45.
c4 Rb8 46. c5 Rb1 47. Rc1 Rxc1+ 48. Nxc1 f2 0-1

[Event "*** Titled Tuesday Blitz"]
[Site "Chess.com"]
[Date "2020.04.14"]
[Round "2"]
[White "Fandorine"]
[Black "jposthuma"]
[Result "1-0"]
[WhiteElo "2918"]
[BlackElo "2603"]
[TimeControl "180+1"]
[EndTime "10:18:07 PDT"]
[Termination "Fandorine won on time"]

1. e4 c6 2. Nf3 d5 3. d3 dxe4 4. dxe4 Qxd1+ 5. Kxd1 Nd7 6. Nfd2 e5 7. a4 Bc5 8. f3 Ne7 9. c3 Be3 10. Na3 Ng6 11. Nac4 Bg5 12. Nd6+ Ke7 13. Nxc8+ Raxc8 14. Kc2 Rhd8 15. b4 Ndf8 16. g3 h5 17. h4 Bh6 18. Bh3 Ne6 19. Nc4 Bxc1 20. Rhxc1 f6 21.
Ne3 Rc7 22. Nf5+ Kf7 23. Rd1 Rxd1 24. Rxd1 Ngf8 25. Bf1 g6 26. Nd6+ Ke7 27. a5 a6 28.
Bc4 Rd7 29. Nc8+ Kd8 30. Nb6 Rxd1 31. Kxd1 Kc7 32. Ke2 Kd6 33. Na4 Nd7 34. Kd3 Ke7 35.
Ke3 Kd6 36. Bb3 Ke7 37. Bc2 Nc7 38. Bd3 Ne6 39. Nb2 Kd6 40. Bc4 Ke7 41. Nd3 Kd6 42.
f4 Ke7 43. Bb3 Kd6 44. Bd1 Ke7 45. f5 gxf5 46. exf5 Ng7 47. g4 hxg4 48. Bxg4 Nf8 49. Nc5 1-0

[Event "*** Titled Tuesday Blitz"]
[Site "Chess.com"]
[Date "2020.04.14"]
[Round "2"]
[White "Mbneu"]
[Black "Imre91"]
[Result "0-1"]
[WhiteElo "2229"]
[BlackElo "2591"]
[TimeControl "180+1"]
[EndTime "10:18:07 PDT"]
[Termination "Imre91 won by resignation"]

1. d4 Nf6 2. c4 c5 3. d5 b5 4. a4 b4 5. g3 g6 6. b3 Bg7 7. Bb2 O-O 8. Bg2 d6 9. Nd2 a5 10. e4 Ra7 11. Ne2 e6 12. dxe6 Bxe6 13. O-O Nc6 14. Nf4 Re8 15. h3 Rae7 16. Qc2 Qb8 17.
Rad1 Bc8 18. f3 h5 19. h4 Ne5 20. Rfe1 Bb7 21. Nf1 Bh6 22. Bc1 Kh7 23. Ne3 Nc6 24. Bb2 Bxf4 25. gxf4 Ng8 26. Nd5 Rd7 27. Bh3 Rdd8 28.
Bf6 Nd4 29. Bxd4 Bxd5 30. cxd5 cxd4 31. Rxd4 Qa7 32. Qf2 Nf6 33. Rc4 Qe7 34. Rec1 Qf8 35.
Rc7 Re7 36. Qa7 Rde8 37. Rxe7 Rxe7 38. Rc7 Rxc7 39. Qxc7 Ng8 40. Qxa5 Qh6 41. Qb6 Qxf4 42. a5 Qxh4 43. Bg2 Qe1+ 44. Kh2 h4 45. a6 Qg3+ 46.
Kg1 h3 47. Qf2 h2+ 48. Kf1 Qe5 49. a7 Qa1+ 50. Ke2 Nf6 51. Qe3 Nh5 52. Kf2 Qg1+ 53. Ke2 Qxg2+ 54. Kd3 Qf1+ 55. Qe2 Qa1 56. Qxh2 Qc3+ 57.
Ke2 Qc2+ 58. Ke3 Qxb3+ 59. Kf2 Qc2+ 60. Kg1 Qb1+ 61. Kg2 Qa2+ 62. Kh3 Qxa7 63. Qxd6 b3 64. Qb4 Qf2 0-1

[Event "*** Titled Tuesday Blitz"]
[Site "Chess.com"]
[Date "2020.04.14"]
[Round "2"]
[White "SmirnovTimofey2000"]
[Black "JelenaKarleusa-SO-18"]
[Result "1-0"]
[WhiteElo "2536"]
[BlackElo "2686"]
[TimeControl "180+1"]
[EndTime "10:18:08 PDT"]
[Termination "SmirnovTimofey2000 won by resignation"]

1. e4 d6 2. d4 Nf6 3. Nc3 Nbd7 4. Nf3 e5 5. g3 Be7 6. Bg2 c6 7.
a4 O-O 8. O-O b6 9. Re1 a6 10.
b3 Bb7 11. Bb2 Qc7 12. Qd2 b5 13. Rad1 b4 14. Na2 a5 15. Nc1 c5 16. dxe5 Nxe5 17. Nxe5 dxe5 18. Nd3 Rad8 19. Bxe5 Qc8 20. Qe2 Rfe8 21. Bb2 c4 22. bxc4 Qxc4 23. e5 Nd5 24. Qe4 Qxe4 25. Bxe4 Bc6 26. Nf4 Nxf4 27. Bxc6 Rxd1 28.
Rxd1 Rc8 29. Be4 Ne6 30. Bf5 g6 31. Bxe6 fxe6 32. Rd2 g5 33. h3 h5 34. Kf1 Kf7 35. Ke2 Kg6 36. f3 Rc4 37. Kd3 Rc7 38. g4 Rc8 39.
Bd4 Rf8 40. Ke3 hxg4 41. hxg4 Rh8 42. Bb6 Ra8 43. Rd7 Bf8 44. Ra7 Rc8 45. Kd3 Rc3+ 46. Kd2 Rxf3 47. Rxa5 b3 48. cxb3 Bb4+ 49. Kc2 Bxa5 50.
Bxa5 Re3 51. Bc3 Re4 52. a5 Rxg4 53. a6 Rg2+ 54. Bd2 Rh2 55. b4 Kf7 56. a7 Rh8 57. b5 Ke7 58. b6 Kd7 59. b7 Kc7 60. a8=Q Rb8 61. Bxg5 Rxb7 62. Bd8+ Kc6 63. Qc8+ 1-0

[Event "*** Titled Tuesday Blitz"]
[Site "Chess.com"]
[Date "2020.04.14"]
[Round "2"]
[White "ljuks68"]
[Black "Sven_Tica"]
[Result "0-1"]
[WhiteElo "2342"]
[BlackElo "2667"]
[TimeControl "180+1"]
[EndTime "10:18:08 PDT"]
[Termination "Sven_Tica won by resignation"]

1. e4 c5 2. Nf3 Nf6 3. Nc3 d5 4. exd5 Nxd5 5. d4 Nxc3 6. bxc3 e6 7. Bc4 a6 8. O-O Be7 9. a4 O-O 10. Bf4 Nc6 11. Rb1 Bf6 12. dxc5 e5 13. Qxd8 Rxd8 14.
Bg5 Na5 15. Ba2 Bf5 16. Bxf6 gxf6 17. Rb6 Kg7 18. Nh4 Bxc2 19. Bb1 Bxb1 20. Rfxb1 Rac8 21. Nf5+ Kf8 22. Rxf6 Rxc5 23. g4 Rxc3 24. g5 Rc6 25.
Rxc6 Nxc6 26. Rxb7 Nd4 27. Nxd4 Rxd4 28. Kg2 Rxa4 29.
Kf3 Kg7 30. Ra7 Kg6 31. Kg3 Ra3+ 32. Kg4 Ra4+ 33. Kg3 a5 34. h4 Ra3+ 35. Kg4 Ra4+ 36. Kg3 Kh5 37. Ra6 Rg4+ 38. Kf3 Rf4+ 39. Kg3 Rg4+ 40.
Kf3 Kxh4 41. Rxa5 Rxg5 42. Ra7 Rf5+ 43. Ke4 Rxf2 44. Kxe5 h5 45. Ke4 Kg3 46. Ke3 h4 47. Ra8 Rf4 48. Rg8+ Rg4 49. Rf8 h3 50. Rxf7 h2 51.
Rf3+ Kh4 52. Rf8 Rg5 0-1

[Event "*** Titled Tuesday Blitz"]
[Site "Chess.com"]
[Date "2020.04.14"]
[Round "2"]
[White "Dixit_Nikhil"]
[Black "Ovsiannikov_Maxim"]
[Result "0-1"]
[WhiteElo "2445"]
[BlackElo "2213"]
[TimeControl "180+1"]
[EndTime "10:18:08 PDT"]
[Termination "Ovsiannikov_Maxim won by resignation"]

1. e4 e6 2. Nf3 d5 3. Nc3 d4 4. Ne2 c5 5. c3 dxc3 6. bxc3 Nc6 7. d4 cxd4 8. Nexd4 Nf6 9. Bd3 Bd7 10. O-O Be7 11. h3 h6 12. e5 Nd5 13. Bd2 Rc8 14. Qe2 a6 15. Qe4 Na5 16. c4 Nxc4 17. Nxe6 Bxe6 18. Bxc4 Nc3 19. Bxc3 Rxc4 20. Qe3 Bc5 21. Qe1 Qc8 22. Rc1 O-O 23. Bb2 Rxc1 24. Qxc1 Bxa2 25. Rd1 Be6 26. Nd4 Bxd4 27. Qxc8 Bxf2+ 28. Kxf2 Rxc8 29. Rd2 Bf5 30. Bd4 Rc2 31. Rxc2 Bxc2 32. Bb6 Be4 33. g3 Kf8 34. h4 Ke8 35. Ke3 Bd5 36. Kd4 Be6 37. Ba5 Kd7 38. Kc5 Bg4 39. Bb6 Bf3 40. Ba5 Ke6 41. Kd4 b5 42. Bc3 Be2 43. Ke3 Bc4 44. Kd4 Bf1 45. Ke3 Kd5 46. h5 Bh3 47.
e6 Bxe6 48. Bxg7 Bg4 49. Bxh6 Bxh5 50. Bg7 Kc4 51. Kd2 Kb3 52. Kc1 a5 53. Ba1 b4 54.
Bf6 a4 55. Be7 a3 56. Bf8 Kc3 57. Bg7+ Kb3 58. Bf8 Bg6 59. Be7 Ka4 60. Bf8 b3 61. Bg7 Kb5 62. Bf6 Kc4 63. Bg7 Kd3 64. Bf6 Ke2 65. Bg7 Kf3 66. Be5 b2+ 67. Bxb2 axb2+ 68. Kxb2 Kxg3 0-1

[Event "*** Titled Tuesday Blitz"]
[Site "Chess.com"]
[Date "2020.04.14"]
[Round "2"]
[White "Anna_ChessMate"]
[Black "YQPerez"]
[Result "0-1"]
[WhiteElo "2609"]
[BlackElo "2987"]
[TimeControl "180+1"]
[EndTime "10:18:09 PDT"]
[Termination "YQPerez won by resignation"]

1. d4 d5 2. c4 e6 3. Nf3 Nf6 4.
Nc3 Be7 5. Bf4 O-O 6. e3 Nbd7 7. c5 Nh5 8. Bd3 Nxf4 9. exf4 b6 10. b4 a5 11. a3 c6 12. O-O Ba6 13. Bxa6 Rxa6 14. Ne5 Nxe5 15. fxe5 Qa8 16. Na4 b5 17. Nb6 Qb7 18.
a4 axb4 19. axb5 cxb5 20. Qb3 h6 21. g3 Bd8 22. Qxb4 Bxb6 23. Qxb5 Rfa8 24. Rxa6 Qxa6 25.
Qxa6 Rxa6 26. cxb6 Rxb6 27. Rd1 h5 28. h4 Kh7 29. Kg2 Kg6 30. Rd3 Kf5 31. Kf3 Rb2 32.
Ke3 f6 33. exf6 gxf6 34. Kf3 Rb5 35. Kg2 e5 36. dxe5 fxe5 37. Rf3+ Kg6 38. Rf8 e4 39. Rd8 Kf6 40. f3 e3 41. Kf1 Ke5 42. Ke2 Kd4 43. f4 Rb2+ 44. Ke1 Kc4 45. Kd1 d4 46. f5 Kd3 47. Kc1 Rf2 48. Rd5 e2 49. Re5 Rf1+ 50. Kb2 e1=Q 51. Rxe1 Rxe1 52. f6 Rf1 0-1

[Event "*** Titled Tuesday Blitz"]
[Site "Chess.com"]
[Date "2020.04.14"]
[Round "2"]
[White "LiemLe"]
[Black "LizaSolovyova"]
[Result "1-0"]
[WhiteElo "3008"]
[BlackElo "2608"]
[TimeControl "180+1"]
[EndTime "10:18:10 PDT"]
[Termination "LiemLe won on time"]

1. e4 e5 2. Nf3 d6 3. d4 Qe7 4. Nc3 c6 5. Bc4 h6 6. O-O Nf6 7. Re1 Qc7 8. a4 a5 9. b3 Bg4 10. Bb2 Nbd7 11. dxe5 dxe5 12. h3 Bh5 13. g4 Bg6 14.
Nh4 Bh7 15. Qf3 Bc5 16. Nf5 Bxf5 17. exf5 Rf8 18. Ne2 O-O-O 19. Ng3 Bd4 20. c3 Bc5 21. Rad1 Nh7 22. Kg2 Ng5 23. Qe2 f6 24. h4 Nf7 25.
Be6 Kb8 26. Ne4 Be7 27. b4 Nd6 28. Bc1 Nxe4 29. Qxe4 h5 30. g5 fxg5 31. hxg5 Nb6 32.
bxa5 Nd5 33. Bxd5 cxd5 34. Qxe5 Bd6 35. Qxd5 h4 36. a6 h3+ 37. Kh1 Bc5 38. Qxb7+ Qxb7+ 39. axb7 Kxb7 40. Rxd8 Rxd8 41. Be3 Bd6 42. Rd1 Kc6 43.
a5 Rf8 44. a6 Rxf5 45. a7 Ra5 46. c4 Ra3 47. c5 Be5 48. f4 Rxe3 49. a8=Q+ 1-0

[Event "*** Titled Tuesday Blitz"]
[Site "Chess.com"]
[Date "2020.04.14"]
[Round "2"]
[White "poliplaza"]
[Black "LionTheLeon_06"]
[Result "1/2-1/2"]
[WhiteElo "2375"]
[BlackElo "2668"]
[TimeControl "180+1"]
[EndTime "10:18:10 PDT"]
[Termination "Game drawn by agreement"]

1. d4 Nf6 2. c4 e6 3. Nc3 Bb4 4.
Bd2 O-O 5. Nf3 b6 6. e3 Bb7 7. Be2 d6 8. O-O Nbd7 9. Rc1 Qe7 10. a3 Bxc3 11. Bxc3 Ne4 12. Be1 f5 13. Nd2 c5 14. f3 Nxd2 15. Qxd2 e5 16. d5 Nf6 17. b4 Bc8 18. bxc5 bxc5 19. Rb1 Qc7 20. Qa5 Qxa5 21. Bxa5 Kf7 22. Rb2 Ba6 23. Rfb1 Ke7 24. Bd1 Nd7 25. Ba4 Rab8 26. Bc7 Rxb2 27. Rxb2 Rc8 28. Ba5 Rb8 29.
Rxb8 Nxb8 30. Bb5 Bb7 31. Kf2 Nd7 32. Bxd7 Kxd7 33. Ke2 g5 34. Kd3 Ke7 35. g3 Bc8 36. Bc7 Bd7 37. f4 e4+ 38. Kd2 gxf4 39. gxf4 Ba4 40.
Kc3 Kd7 41. Ba5 h5 42. h4 Bd1 43. Kb2 Bf3 44. Bc3 Be2 45. Kb3 Kc7 46. Ba5+ Kc8 47.
Bc3 Bd1+ 48. Kb2 Kb7 49. Bf6 Kc7 50. Kc3 Kd7 51. Bg5 Be2 52. Bf6 Bd3 53. Bg5 Bb1 54. Bh6 Ba2 55. Bg5 Ke8 56. Bh6 Ke7 57. Bg5+ Kf7 58. Bd8 Kf8 59. Bg5 Ke8 60. Bh6 Kd7 61. Bg5 Bb1 62. Bh6 Bd3 63. Bg5 Bf1 64. Bh6 Be2 65.
Bg5 Bd3 66. Bh6 Kc7 67. Bg5 Kb6 68. Be7 Kc7 69. Bg5 1/2-1/2

[Event "*** Titled Tuesday Blitz"]
[Site "Chess.com"]
[Date "2020.04.14"]
[Round "2"]
[White "SketchyMoves"]
[Black "Taran2004"]
[Result "1-0"]
[WhiteElo "2630"]
[BlackElo "1998"]
[TimeControl "180+1"]
[EndTime "10:18:10 PDT"]
[Termination "SketchyMoves won by checkmate"]

1. e4 c5 2. Nc3 d6 3. f4 Nc6 4. Nf3 g6 5. Bb5 Bg7 6. Bxc6+ bxc6 7. d3 e6 8. O-O Ne7 9. Qe1 d5 10. e5 h5 11. Na4 c4 12. dxc4 dxc4 13. b3 cxb3 14.
axb3 Nd5 15. c4 Nb6 16. Be3 Nxa4 17. Rxa4 a6 18. Bc5 Bf8 19. Qb4 Bxc5+ 20. Qxc5 Bb7 21. Ng5 Qe7 22. Ne4 Qxc5+ 23. Nxc5 Bc8 24. Rd1 Ke7 25.
Rd6 Rd8 26. Ne4 Bb7 27. Kf2 Rd7 28. g3 Rad8 29. h4 Rxd6 30. Nxd6 Rxd6 31. exd6+ Kxd6 32. b4 c5 33. bxc5+ Kxc5 34. Ke3 Bc8 35. Kd3 Bb7 36. Kc3 Bc8 37. Ra5+ Kc6 38. Kb4 Bb7 39. Re5 Kb6 40. c5+ Kc6 41. Re3 a5+ 42. Kc4 Ba6+ 43. Kd4 a4 44.
Ra3 Kb5 45. Ra1 Bc8 46. Rb1+ Kc6 47. Rb6+ Kc7 48. Kc4 Bd7 49. Kb4 Bc6 50. Ra6 f6 51. Ra7+ Bb7 52. Kxa4 e5 53. fxe5 fxe5 54. Kb5 Kb8 55.
Kb6 e4 56. Rxb7+ Kc8 57. Re7 e3 58. c6 e2 59. Re8# 1-0

[Event "*** Titled Tuesday Blitz"]
[Site "Chess.com"]
[Date "2020.04.14"]
[Round "2"]
[White "Chigorinetz"]
[Black "Haridaskesavan"]
[Result "0-1"]
[WhiteElo "2451"]
[BlackElo "2217"]
[TimeControl "180+1"]
[EndTime "10:18:12 PDT"]
[Termination "Haridaskesavan won on time"]

1. e4 e5 2. Bc4 Nc6 3. Nc3 Nf6 4. d3 Bb4 5. Nf3 d5 6. exd5 Nxd5 7. O-O Nxc3 8.
bxc3 Bxc3 9. Ng5 Be6 10. Nxe6 fxe6 11. Rb1 Qe7 12. Rxb7 O-O 13. Qg4 Rae8 14. Qe4 Nd8 15. Rxa7 Bd4 16. Ra8 Qb4 17. Be3 c5 18. g3 Kh8 19. a4 Nf7 20. Rxe8 Rxe8 21. Qc6 Rf8 22. Bc1 Nh6 23. Qe4 Ng4 24. Kg2 Nxf2 25. Qc6 Qb8 26. c3 Rc8 27. Qf3 Rf8 28. Qxf8+ Qxf8 29. cxd4 Qa8+ 30. Kxf2 cxd4 31. Kg1 h5 32. Bb5 e4 33.
dxe4 Qxe4 34. Bd2 d3 35. a5 Qd4+ 36. Rf2 Qa1+ 37. Kg2 Qd4 38. Kg1 Qa1+ 39. Kg2 Qd4 40. Be8 Qd5+ 41. Kg1 Qa2 42. Bg6 Qb1+ 43. Kg2 Qb7+ 44.
Kh3 Kg8 45. Bc3 e5 46. Bb4 Qc8+ 47. Kg2 Qb7+ 0-1

[Event "*** Titled Tuesday Blitz"]
[Site "Chess.com"]
[Date "2020.04.14"]
[Round "2"]
[White "djogrodek1"]
[Black "keepitcool9499"]
[Result "1-0"]
[WhiteElo "2515"]
[BlackElo "2278"]
[TimeControl "180+1"]
[EndTime "10:18:13 PDT"]
[Termination "djogrodek1 won by checkmate"]

1. c4 Nf6 2. g3 g6 3. Bg2 Bg7 4. Nc3 O-O 5. Nf3 c6 6. d4 d5 7.
cxd5 cxd5 8. Ne5 Nc6 9. Nxc6 bxc6 10. O-O Bf5 11. Bf4 Nh5 12. Be3 Nf6 13. h3 Rb8 14. b3 Qa5 15. Na4 Be4 16. Rc1 Bxg2 17. Kxg2 Rfc8 18.
Bf4 Ra8 19. Be5 Ne4 20. Bxg7 Kxg7 21. Qe1 Qxe1 22. Rfxe1 f6 23. Rc2 Rc7 24. Rec1 Rac8 25. f3 Nd6 26. Nc5 Nb5 27. Ne6+ Kf7 28. Nxc7 Rxc7 29. Rxc6 Rd7 30. e3 e5 31. a4 Nd6 32.
Rc7 Ke6 33. R1c6 g5 34. a5 Ke7 35. Rc5 Ke6 36. g4 h6 37. Kf2 Nb7 38. R5c6+ Nd6 39.
Ke2 Ke7 40. Kd3 e4+ 41. fxe4 dxe4+ 42. Kd2 Ke6 43. b4 Ke7 44. Kc2 f5 45. gxf5 Nxf5 46.
Kd2 h5 47. Rxd7+ Kxd7 48. Rg6 Nh4 49. Rg7+ Kc6 50. Rxa7 Nf3+ 51. Kc3 Ng1 52. Rh7 h4 53. a6 Ne2+ 54. Kc4 Ng3 55. a7 Nf5 56. a8=Q+ Kb6 57. Qa5+ Kc6 58. Qc5# 1-0

[Event "*** Titled Tuesday Blitz"]
[Site "Chess.com"]
[Date "2020.04.14"]
[Round "2"]
[White "abubakrtagelsir"]
[Black "JoakimVonAnd"]
[Result "1-0"]
[WhiteElo "2289"]
[BlackElo "2493"]
[TimeControl "180+1"]
[EndTime "10:18:13 PDT"]
[Termination "abubakrtagelsir won by checkmate"]

1. e4 c6 2. d4 d5 3. Nc3 dxe4 4. Nxe4 Bf5 5. Ng3 Bg6 6. Nf3 Nf6 7. h4 h6 8. h5 Bh7 9. Bd3 Bxd3 10. Qxd3 e6 11.
Bf4 Qa5+ 12. Bd2 Bb4 13. c3 Bd6 14. c4 Bb4 15. a3 Bxd2+ 16. Qxd2 Qxd2+ 17. Kxd2 O-O 18. Kc3 Rd8 19. Rad1 Nbd7 20. Rhe1 b5 21. b3 Nb6 22.
Ne5 Rac8 23. f4 a5 24. f5 a4 25. fxe6 fxe6 26. Ng6 Re8 27. Nf4 axb3 28. cxb5 Nbd5+ 29. Nxd5 Nxd5+ 30. Kxb3 cxb5 31. Rc1 Kf7 32. Ne4 Rxc1 33. Rxc1 Rd8 34. Rc5 Nf4 35. g3 Ne2 36. Rc7+ Kg8 37. Nc5 Nxd4+ 38. Kb4 e5 39. Rb7 Re8 40. Ne4 Rc8 41. Nc5 Rf8 42. Ne4 Rf3 43. Rb8+ Kh7 44. Rb7 Rb3+ 45. Kc5 Rf3 46. Kd5 Rf5 47. g4 Rf3 48.
Kxe5 Nc2 49. Rxb5 Nxa3 50. Rb7 Nc4+ 51. Kd4 Ne3 52. g5 Nf5+ 53. Ke5 Kg8 54. g6 Kf8 55. Rf7+ Ke8 56. Rxf5 Rh3 57. Nc5 Re3+ 58. Ne4 Rh3 59. Ke6 Re3 60. Re5 Rh3 61. Nd6+ Kd8 62. Ne4 Re3 63. Kf7 Rf3+ 64. Kxg7 Kd7 65. Kxh6 Rh3 66. g7 Kc6 67. g8=Q Rxh5+ 68. Kxh5 Kb6 69. Qe6+ Kb7 70. Rd5 Ka8 71. Rd7 Kb8 72. Qe8# 1-0

[Event "*** Titled Tuesday Blitz"]
[Site "Chess.com"]
[Date "2020.04.14"]
[Round "2"]
[White "chito89"]
[Black "Malev212"]
[Result "1-0"]
[WhiteElo "2786"]
[BlackElo "2545"]
[TimeControl "180+1"]
[EndTime "10:18:14 PDT"]
[Termination "chito89 won on time"]

1. d4 Nf6 2. c4 d6 3. Nf3 Nbd7 4. g3 e5 5. Bg2 c6 6. O-O e4 7. Ng5 d5 8. Nc3 h6 9. Nh3 Be7 10. Qb3 dxc4 11. Qxc4 Nb6 12. Qb3 Qxd4 13. Rd1 Qb4 14. Qc2 Bf5 15. a3 Qa5 16. e3 O-O 17. Nf4 Qe5 18.
b3 g5 19. Nfe2 c5 20. Bb2 Qe6 21. Nb5 Rad8 22. a4 a6 23. Na3 Rd3 24. a5 Nbd5 25. Nc4 Nb4 26. Qb1 Rfd8 27. Nc3 Rxd1+ 28.
Nxd1 Nd3 29. Bc3 Bg4 30. Ndb2 Bh3 31. Bh1 Ng4 32. Nxd3 Rxd3 33. Qb2 Qf5 34. Rc1 f6 35. Be1 h5 36. Nb6 h4 37. Qc2 hxg3 38. hxg3 Ne5 39. Qe2 Kg7 40. Nc4 Bg4 41. Qb2 Nf3+ 42. Kf1 Bh3+ 43. Bg2 Bxg2+ 44. Kxg2 Qg4 45. Bc3 Nh4+ 46.
Kf1 Qh3+ 47. Ke1 Nf3+ 48. Ke2 Qg2 49. Nb6 Nd4+ 50. Bxd4 1-0

[Event "*** Titled Tuesday Blitz"]
[Site "Chess.com"]
[Date "2020.04.14"]
[Round "2"]
[White "OhanyanEminChess"]
[Black "dusanacns"]
[Result "0-1"]
[WhiteElo "2549"]
[BlackElo "2786"]
[TimeControl "180+1"]
[EndTime "10:18:14 PDT"]
[Termination "dusanacns won by checkmate"]

1. e4 c6 2. d4 d5 3. Nc3 dxe4 4. Nxe4 Nf6 5. Nxf6+ exf6 6. Bd3 Qxd4 7. Nf3 Qd8 8. O-O Be7 9. Be3 O-O 10. Nd4 Re8 11.
Qh5 g6 12. Qh6 Bf8 13. Qh4 Nd7 14. Rad1 Ne5 15. Nf5 Bxf5 16. Bxf5 Qc7 17. Bh3 f5 18. Bd4 Bg7 19. b3 Rad8 20. Ba1 a5 21. Qg3 Qc8 22.
Rxd8 Qxd8 23. Qc3 Bf6 24. Kh1 Ng4 25. Qf3 Bxa1 26. Rxa1 Qd4 27. Rf1 Nf6 28. g3 Kg7 29. Bg2 Qd2 30. c4 Re2 31. Kg1 Qxa2 32. Qc3 Qd2 33.
Qa1 h5 34. Bf3 Re6 35. Rd1 Qb4 36. Kg2 Kf8 37. Rd8+ Kg7 38. Rd3 b6 39. Qb2 Qc5 40.
Qa1 g5 41. h3 g4 42. hxg4 hxg4 43. Bd1 Qe5 44. Qc1 Ne4 45. Re3 Qf6 46. Bc2 Ng5 47.
Rxe6 Nxe6 48. Qe3 f4 49. Qxb6 f3+ 50. Kg1 Qa1+ 51. Kh2 Qf1 52. Bf5 Qg2# 0-1

[Event "*** Titled Tuesday Blitz"]
[Site "Chess.com"]
[Date "2020.04.14"]
[Round "2"]
[White "Crazy_girl99"]
[Black "ketster"]
[Result "1-0"]
[WhiteElo "2509"]
[BlackElo "2263"]
[TimeControl "180+1"]
[EndTime "10:18:15 PDT"]
[Termination "Crazy_girl99 won on time"]

1. Nf3 d5 2. g3 Nf6 3. Bg2 e6 4. d4 b5 5. O-O Bb7 6. c3 Nbd7 7. Bf4 c5 8. Nbd2 Be7 9. Re1 O-O 10. Ne5 Rc8 11.
h3 Qb6 12. Bg5 Bd8 13. Bxf6 Nxf6 14. e3 Bc7 15. Ndf3 Rfd8 16. g4 Ne4 17. Rc1 Bb8 18. Nd3 c4 19. Nf4 b4 20. Nd2 Nxd2 21. Qxd2 Bd6 22.
Nh5 Bc6 23. e4 dxe4 24. Qg5 Bf8 25. Bxe4 Bxe4 26. Rxe4 Kh8 27. Rce1 bxc3 28. bxc3 Rd5 29. Qd2 Rb8 30. Nf4 Rdd8 31. Ng2 Qb2 32. Qxb2 Rxb2 33. R4e2 Rdb8 34. Ne3 Rxe2 35. Rxe2 Rb1+ 36. Kg2 Rc1 37.
Rb2 Rxc3 38. Rb8 Kg8 39. d5 Rd3 40. dxe6 fxe6 41. Nxc4 Rd7 42. Ne5 Rc7 43. a4 g6 44. a5 Kg7 45. a6 Bd6 46. Nf3 Bc5 47. Rb7 Bb6 48. Nd4 Kf6 49. Nb5 Rc5 50. Rxb6 axb6 51.
a7 Rc8 52. Nc7 Rxc7 53. a8=Q Rc5 54. Qd8+ Kg7 55. Qxb6 1-0

[Event "*** Titled Tuesday Blitz"]
[Site "Chess.com"]
[Date "2020.04.14"]
[Round "2"]
[White "PchelkinVK"]
[Black "GMKrikor"]
[Result "0-1"]
[WhiteElo "2460"]
[BlackElo "2710"]
[TimeControl "180+1"]
[EndTime "10:18:16 PDT"]
[Termination "GMKrikor won on time"]

1. d4 Nf6 2. Nc3 d5 3. Bf4 e6 4. Nf3 Bb4 5. Qd3 O-O 6. a3 Ba5 7. b4 Bb6 8. Rb1 a5 9. Na4 Ba7 10. b5 Nbd7 11. e3 c5 12. c3 Qe7 13. b6 Bb8 14. Bxb8 Rxb8 15. Qb5 Ne4 16. Bd3 cxd4 17. cxd4 Ndf6 18. Qxa5 Bd7 19. Bxe4 Nxe4 20. Qb4 Qxb4+ 21. Rxb4 Bxa4 22. Rxa4 Ra8 23. Rxa8 Rxa8 24. O-O Rxa3 25. Rc1 Nc3 26. Kf1 f6 27. Ne1 Rb3 28. Nd3 Ne4 29. Rc7 Rxd3 30. Rxb7 Rb3 31. Rb8+ Kf7 32. f3 Nd6 33. Ke2 Kg6 34. g4 Nc4 35. b7 Rxe3+ 36. Kd1 Rb3 37. Kc2 Rb6 38. Kc3 Nd6 39. h4 Rxb7 40. h5+ Kh6 41. Rd8 Nb5+ 42. Kd3 g6 43. Re8 gxh5 44. Rxe6 hxg4 45. Rxf6+ Kg5 46. Re6 gxf3 47.
Re5+ Kf4 48. Re8 Rf7 49. Rd8 Nc7 0-1